 Dungeon Crawl Stone Soup version 0.28.0-43-g3370ac3207 (webtiles) character file.

Game seed: 5698227197979423505

9 unlimited1921 the Magician (level 2, -8/21 HPs)
             Began as a Djinni Fire Elementalist on Mar 5, 2022.
             Mangled by Terence
             ... wielding a +1 short sword of holy wrath
              (11 damage)
             ... on level 2 of the Dungeon.
             The game lasted 00:03:07 (1539 turns).

unlimited1921 the Magician (DjFE)                   Turns: 1539, Time: 00:03:12

Health: -8/21      AC:  3    Str:  7    XL:     2   Next: 20%
Gold:   36         EV: 12    Int: 16    God:
                   SH:  0    Dex: 13

rFire   + + .      SeeInvis .   (no weapon)
rCold   x . .      Faith    .   (no shield)
rNeg    . . .      Spirit   .   a - +0 robe
rPois   ∞          Reflect  .   (no helmet)
rElec   .          Harm     .   (no cloak)
rCorr   .          Rampage  .   b - +0 pair of gloves
Will    .....                   (boots unavailable)
Stlth   ++........              (no amulet)
HPRegen 0.07/turn               (no ring)
MPRegen 0.00/turn               (no ring)

@: flying
A: sickness immunity, fire resistance 2, cold vulnerability 1, float, innate
caster, HP casting, extra vitality 1
a: no special abilities


You were on level 2 of the Dungeon.
You visited 1 branch of the dungeon, and saw 2 of its levels.

You collected 36 gold pieces.

Inventory:

Missiles
 d - 14 poisoned darts (quivered)
 f - 24 sling bullets
 g - 17 stones
Armour
 a - a +0 robe (worn)
 b - a +0 pair of gloves (worn)
Scrolls
 c - 2 scrolls of identify {unknown}
 e - 2 scrolls of teleportation {unknown}


   Skills:
 + Level 2.3 Dodging
 + Level 1.5 Stealth
 + Level 2.8 Spellcasting


You couldn't memorise any spells.
You knew the following spells:

 Your Spells              Type           Power      Damage    Failure   Level
a - Foxfire               Conj/Fire      44%        2x1d6     6%          1
b - Scorch                Fire           22%        2d6       9%          2
c - Conjure Flame         Conj/Fire      11%        6-21      19%         3
d - Inner Flame           Hex/Fire       11%        N/A       19%         3
e - Flame Wave            Conj/Fire      11%        2d5       52%         4
Your spell library was empty.

Dungeon Overview and Level Annotations

Branches:
Dungeon (2/15)

Altars:

Annotations:
D:2 Terence


Innate Abilities, Weirdness & Mutations

You are immune to sickness and miasma.
You are immune to poison.
Your flesh is very heat resistant. (rF++)
You are vulnerable to cold. (rC-)
You float through the air rather than walking.
You learn spells naturally, not from books.
Your magical power is your life essence.
You have superior vitality. (+4 MHP)


Message History

Casting: Foxfire (safe; 6% risk of failure)
Confirm with . or Enter, or press ? or * to list all spells.
You conjure some foxfire!
Terence drinks a potion.
Terence seems to grow stronger.
Your foxfire dissipates!
The foxfire hits Terence but does no damage.
Terence is heavily wounded.
There is an open door here.
Casting: Foxfire (safe; 6% risk of failure)
Confirm with . or Enter, or press ? or * to list all spells.
You conjure some foxfire!
Your foxfire dissipates!
The foxfire hits Terence but does no damage.
Terence is heavily wounded.
Terence hits you with a +1 short sword of holy wrath!
* * * LOW HITPOINT WARNING * * *
Your magical contamination has completely faded away.
Casting: Foxfire (safe; 6% risk of failure)
Confirm with . or Enter, or press ? or * to list all spells.
You conjure some foxfire!
* * * LOW HITPOINT WARNING * * *
Terence barely misses you.
Your foxfire dissipates!
The foxfire hits Terence but does no damage.
Terence is heavily wounded.
There is an open door here.
Casting: Foxfire (safe; 6% risk of failure)
Confirm with . or Enter, or press ? or * to list all spells.
You conjure some foxfire!
* * * LOW HITPOINT WARNING * * *
Your foxfire dissipates!
The foxfire hits Terence but does no damage.
Terence is heavily wounded.
Casting: Foxfire (safe; 6% risk of failure)
Confirm with . or Enter, or press ? or * to list all spells.
You conjure some foxfire!
* * * LOW HITPOINT WARNING * * *
Terence hits you with a +1 short sword of holy wrath!
Ouch! That really hurt!
You die...

#######...
#####.........
#...'.........
#.###.........
###'###.........
#....##.........
#....##.......##
#..@v###.....##
#..@.# #####.#
#..v.# .# ###'##
# #.# #.#
#.######
#......#
######.# #.#


You could see Terence (strong, ally target).

Vanquished Creatures
  An endoplasm (D:1)
  2 giant cockroaches (D:1)
  2 hobgoblins
  2 kobolds (D:1)
7 creatures vanquished.

Vanquished Creatures (others)
  45 foxfires
45 creatures vanquished.

Grand Total: 52 creatures vanquished

Notes
Turn   | Place    | Note
-------+----------+-------------------------------------------
     0 | D:1      | unlimited1921 the Djinni Fire Elementalist began the quest
                  | for the Orb.
     0 | D:1      | Reached XP level 1. HP: 15/15 MP: 0/0
   992 | D:1      | Reached XP level 2. HP: 19/21 MP: 0/0
  1518 | D:2      | Noticed Terence
  1539 | D:2      | Mangled by Terence

Illustrated notes

Levels and vault maps discovered:
D:1:      beargit_arrival_diablo_church, layout_loops_ring
D:2:      layout_basic, serial_shops, nicolae_shop_statue_plus, shop,
          nicolae_diamond_shop, shop, nicolae_shop_crystal,
          hellmonk_ecumenical_altar_slurped_away, uniq_terence

Action                   || total
-------------------------++-------
 Cast: Foxfire           ||    27
Dodge: Dodged            ||     2
